PBL
JOPLIN BLASTERS @ PALM BEACH NATIONALS
10/02/2047
 
TOP OF THE 1ST
Joplin Blasters batting - Pitching for Palm Beach Nationals : LHP Danny Juarez
Pitching: LHP Danny Juarez
Batting: RHB Shura Mogilny 0-0: SOLO HOME RUN (Flyball, 78XD, EV 111.9 MPH), Distance : 443 ft
Batting: RHB David Rubio 0-0: Foul Ball, location: 2F
0-1: Called Strike
0-2: Ball
1-2: Fly out, F7 (Flyball, 78M, EV 92.5 MPH)
Batting: SHB Adrian Orosco 0-0: Ball
1-0: Ground out 5-3 (Groundball, 56S, EV 81.9 MPH)
Batting: RHB Masakuni Takeuchi 0-0: Ball
1-0: Called Strike
1-1: Swinging Strike
1-2: Foul Ball, location: 2F
1-2: Ball
2-2: Strikes out swinging
Top of the 1st over - 1 run, 1 hit, 0 errors, 0 left on base; Joplin 1 - Palm Beach 0
BOTTOM OF THE 1ST
Palm Beach Nationals batting - Pitching for Joplin Blasters : LHP Ben Mills
Pitching: LHP Ben Mills
Batting: LHB Carlos Guadarrama 0-0: Foul Ball, location: 2F
0-1: Ball
1-1: Ground out 6-3 (Groundball, 6, EV 100.0 MPH)
Batting: RHB Alex Martinez 0-0: Called Strike
0-1: Ball
1-1: Hit by Pitch
Batting: RHB Aaron Bateman 0-0: Called Strike
0-1: Called Strike
0-2: Foul Ball, location: 2F
0-2: TRIPLE (Flyball, 78XD, EV 98.8 MPH)
Alex Martinez scores
Batting: RHB Kenny Ball 0-0: Called Strike
0-1: Called Strike
0-2: Strikes out swinging
Batting: RHB Akira Ishihara 0-0: Foul Ball, location: 2F
0-1: Ball
1-1: Swinging Strike
1-2: Strikes out swinging
Bottom of the 1st over - 1 run, 1 hit, 0 errors, 1 left on base; Joplin 1 - Palm Beach 1
TOP OF THE 2ND
Joplin Blasters batting - Pitching for Palm Beach Nationals : LHP Danny Juarez
Batting: RHB Nick Moore 0-0: Swinging Strike
0-1: Ball
1-1: Foul Ball, location: 2F
1-2: Ball
2-2: SINGLE (Groundball, 56D, EV 108.1 MPH)
Batting: LHB Jayden Pelayo 0-0: Foul Ball, location: 2F
0-1: Foul Ball, location: 2F
0-2: Strikes out swinging
Batting: SHB Gary Woodroffe 0-0: Called Strike
0-1: Ball
1-1: Ball
2-1: Ball
3-1: Called Strike
3-2: Base on Balls
Nick Moore to second
Batting: SHB Glenn Harrison 0-0: Fly out, F9 (Line Drive, 9, EV 98.1 MPH)
Batting: RHB Bobby Leon 0-0: DOUBLE (Line Drive, 89M, EV 101.9 MPH)
Nick Moore scores
Gary Woodroffe to third
Runner from 3rd tries for Home, SAFE, throw by RF to home
Batting: RHB Shura Mogilny 0-0: Ball
1-0: Foul Ball, location: 2F
1-1: Ball
2-1: Ball
3-1: Swinging Strike
3-2: Foul Ball, location: 2F
3-2: Foul Ball, location: 2F
3-2: Fly out, F9 (Flyball, 9, EV 80.0 MPH)
Top of the 2nd over - 2 runs, 2 hits, 0 errors, 1 left on base; Joplin 3 - Palm Beach 1
BOTTOM OF THE 2ND
Palm Beach Nationals batting - Pitching for Joplin Blasters : LHP Ben Mills
Batting: SHB John Husson 0-0: Ball
1-0: Swinging Strike
1-1: Ball
2-1: Ground out 6-3 (Groundball, 4M, EV 101.2 MPH)
Batting: RHB Franklin Ortega 0-0: Called Strike
0-1: Ball
1-1: Ground out 1-3 (Groundball, 13S, EV 63.8 MPH)
Batting: RHB Armando Moreno 0-0: Ball
1-0: Ball
2-0: Ball
3-0: Base on Balls
Batting: RHB Alex Gonzalez 0-0: Ball
1-0: Called Strike
1-1: Foul Ball, location: 2F
1-2: Strikes out swinging
Bottom of the 2nd over - 0 runs, 0 hits, 0 errors, 1 left on base; Joplin 3 - Palm Beach 1
TOP OF THE 3RD
Joplin Blasters batting - Pitching for Palm Beach Nationals : LHP Danny Juarez
Batting: RHB David Rubio 0-0: Fly out, F8 (Flyball, 8LD, EV 101.2 MPH)
Batting: SHB Adrian Orosco 0-0: Swinging Strike
0-1: Called Strike
0-2: Foul Ball, location: 2F
0-2: Ball
1-2: Ball
2-2: Strikes out swinging
Batting: RHB Masakuni Takeuchi 0-0: Ball
1-0: Called Strike
1-1: Swinging Strike
1-2: Ground out 6-3 (Groundball, 6, EV 87.5 MPH)
Top of the 3rd over - 0 runs, 0 hits, 0 errors, 0 left on base; Joplin 3 - Palm Beach 1
BOTTOM OF THE 3RD
Palm Beach Nationals batting - Pitching for Joplin Blasters : LHP Ben Mills
Batting: LHB Carlos Guadarrama 0-0: Ball
1-0: Ball
2-0: Called Strike
2-1: Foul Ball, location: 2F
2-2: Ball
3-2: Foul Ball, location: 2F
3-2: Foul Ball, location: 2F
3-2: Ground out 6-3 (Groundball, 6, EV 84.4 MPH)
Batting: RHB Alex Martinez 0-0: Ball
1-0: Ball
2-0: Ball
3-0: Base on Balls
Batting: RHB Aaron Bateman 0-0: Ball
1-0: Called Strike
1-1: Ball
2-1: Swinging Strike
2-2: Fly out, F7 (Flyball, 7S, EV 88.1 MPH)
Batting: RHB Kenny Ball 0-0: Fly out, F9 (Flyball, 9D, EV 98.1 MPH)
Bottom of the 3rd over - 0 runs, 0 hits, 0 errors, 1 left on base; Joplin 3 - Palm Beach 1
TOP OF THE 4TH
Joplin Blasters batting - Pitching for Palm Beach Nationals : LHP Danny Juarez
Batting: RHB Nick Moore 0-0: Foul Ball, location: 2F
0-1: Ball
1-1: Ground out 5-3 (Groundball, 56S, EV 90.0 MPH)
Batting: LHB Jayden Pelayo 0-0: Called Strike
0-1: Ground out 6-3 (Groundball, 4M, EV 78.8 MPH)
Batting: SHB Gary Woodroffe 0-0: Ball
1-0: Ball
2-0: Called Strike
2-1: Foul Ball, location: 2F
2-2: SINGLE (Groundball, 56, EV 104.4 MPH)
Batting: SHB Glenn Harrison 0-0: Ball
1-0: Called Strike
1-1: Ball
2-1: Called Strike
2-2: Ball
3-2: Foul Ball, location: 2F
3-2: Strikes out looking
Top of the 4th over - 0 runs, 1 hit, 0 errors, 1 left on base; Joplin 3 - Palm Beach 1
BOTTOM OF THE 4TH
Palm Beach Nationals batting - Pitching for Joplin Blasters : LHP Ben Mills
Batting: RHB Akira Ishihara 0-0: Called Strike
0-1: Ball
1-1: DOUBLE (Flyball, 9LM, EV 104.4 MPH)
Batting: SHB John Husson 0-0: Ball
1-0: Ball
2-0: Called Strike
2-1: SINGLE (Groundball, 4MD, EV 96.9 MPH)
Akira Ishihara to third
Batting: RHB Franklin Ortega 0-0: Ball
1-0: Grounds into double play, 6-4-3 (Groundball, 6, EV 88.8 MPH)
Akira Ishihara scores
Batting: RHB Armando Moreno 0-0: Called Strike
0-1: Ball
1-1: Ball
2-1: Called Strike
2-2: Ball
3-2: Base on Balls
Batting: RHB Alex Gonzalez 0-0: Called Strike
0-1: Ball
1-1: Called Strike
1-2: Fielders Choice at 2nd, U6 (Groundball, 6M, EV 85.6 MPH)
Bottom of the 4th over - 1 run, 2 hits, 0 errors, 1 left on base; Joplin 3 - Palm Beach 2
TOP OF THE 5TH
Joplin Blasters batting - Pitching for Palm Beach Nationals : LHP Danny Juarez
Batting: RHB Bobby Leon 0-0: Called Strike
0-1: Ball
1-1: Swinging Strike
1-2: Ball
2-2: Ball
3-2: Strikes out swinging
Batting: RHB Shura Mogilny 0-0: Called Strike
0-1: Ball
1-1: Called Strike
1-2: Strikes out swinging
Batting: RHB David Rubio 0-0: Called Strike
0-1: Ball
1-1: Ball
2-1: Called Strike
2-2: SINGLE (Line Drive, 78S, EV 100.0 MPH)
Batting: SHB Adrian Orosco 0-0: Called Strike
0-1: Called Strike
0-2: Strikes out looking
Top of the 5th over - 0 runs, 1 hit, 0 errors, 1 left on base; Joplin 3 - Palm Beach 2
BOTTOM OF THE 5TH
Palm Beach Nationals batting - Pitching for Joplin Blasters : LHP Ben Mills
Batting: LHB Carlos Guadarrama 0-0: Called Strike
0-1: Foul Ball, location: 2F
0-2: Ball
1-2: Ground out 6-3 (Groundball, 6, EV 100.0 MPH)
Batting: RHB Alex Martinez 0-0: Ball
1-0: SINGLE (Groundball, 25, EV 67.5 MPH) (infield hit)
Batting: RHB Aaron Bateman 0-0: Called Strike
0-1: Foul Ball, location: 2F
0-2: Ball
1-2: Strikes out swinging
Batting: RHB Kenny Ball 0-0: Ball
1-0: Foul Ball, location: 2F
1-1: Ball
2-1: Fly out, F9 (Flyball, 9LM, EV 90.6 MPH)
Bottom of the 5th over - 0 runs, 1 hit, 0 errors, 1 left on base; Joplin 3 - Palm Beach 2
TOP OF THE 6TH
Joplin Blasters batting - Pitching for Palm Beach Nationals : LHP Danny Juarez
Batting: RHB Masakuni Takeuchi 0-0: Called Strike
0-1: Fly out, F9 (Flyball, 9LM, EV 89.4 MPH)
Batting: RHB Nick Moore 0-0: Ground out 5-3 (Groundball, 5, EV 85.6 MPH)
Batting: LHB Jayden Pelayo 0-0: Ball
1-0: Foul Ball, location: 2F
1-1: SINGLE (Line Drive, 4D, EV 111.9 MPH)
Batting: SHB Gary Woodroffe 0-0: Ball
1-0: Called Strike
1-1: Ball
2-1: Swinging Strike
2-2: Foul Ball, location: 2F
2-2: Strikes out swinging
Top of the 6th over - 0 runs, 1 hit, 0 errors, 1 left on base; Joplin 3 - Palm Beach 2
BOTTOM OF THE 6TH
Palm Beach Nationals batting - Pitching for Joplin Blasters : LHP Ben Mills
Batting: RHB Akira Ishihara 0-0: Ball
1-0: Ball
2-0: Swinging Strike
2-1: Foul Ball, location: 2F
2-2: Ball
3-2: Base on Balls
Pitching: LHP Adrian Sanchez
Batting: SHB John Husson 0-0: Foul Ball, location: 2F
0-1: Foul Ball, location: 2F
0-2: Ball
1-2: Strikes out looking
Pinch Hitting: RHB Ken Yeadon 0-0: Called Strike
0-1: Ball
1-1: Fielders Choice at 2nd, 4-6 (Groundball, 4, EV 103.1 MPH)
Pinch Hitting: RHB Colin Morris 0-0: Called Strike
0-1: Ball
1-1: Foul Ball, location: 2F
1-2: Fly out, F7 (Line Drive, 78M, EV 91.2 MPH)
Bottom of the 6th over - 0 runs, 0 hits, 0 errors, 1 left on base; Joplin 3 - Palm Beach 2
TOP OF THE 7TH
Joplin Blasters batting - Pitching for Palm Beach Nationals : LHP Danny Juarez
Now at 3B: Colin Morris
Now in RF: Trent Spivey
Batting: SHB Glenn Harrison 0-0: Ball
1-0: Foul Ball, location: 2F
1-1: Swinging Strike
1-2: Ball
2-2: Strikes out swinging
Batting: RHB Bobby Leon 0-0: Called Strike
0-1: Ball
1-1: Foul Ball, location: 2F
1-2: Strikes out swinging
Batting: RHB Shura Mogilny 0-0: Ball
1-0: Ball
2-0: Ball
3-0: Base on Balls
Batting: RHB David Rubio 0-0: Ball
1-0: Called Strike
1-1: Foul Ball, location: 2F
1-2: Strikes out swinging
Top of the 7th over - 0 runs, 0 hits, 0 errors, 1 left on base; Joplin 3 - Palm Beach 2
BOTTOM OF THE 7TH
Palm Beach Nationals batting - Pitching for Joplin Blasters : LHP Adrian Sanchez
Pinch Hitting: RHB Ivan Torres 0-0: Ball
1-0: Fly out, F7 (Flyball, 78S, EV 73.1 MPH)
Batting: LHB Carlos Guadarrama 0-0: Ball
1-0: Called Strike
1-1: Ball
2-1: Ball
3-1: DOUBLE (Line Drive, 9LS, EV 87.5 MPH)
Batting: RHB Alex Martinez 0-0: Ball
1-0: Foul Ball, location: 2F
1-1: Ball
2-1: Swinging Strike
2-2: Ball
3-2: Foul Ball, location: 2F
3-2: Strikes out looking
Batting: RHB Aaron Bateman 0-0: Foul Ball, location: 2F
0-1: Foul Ball, location: 2F
0-2: Foul Ball, location: 2F
0-2: Strikes out swinging wild pitch, reaches first!
Carlos Guadarrama to third
Batting: RHB Kenny Ball 0-0: Foul Ball, location: 2F
0-1: Called Strike
0-2: Ball
1-2: Ball
2-2: Hit by Pitch
Aaron Bateman to second
Batting: RHB Jon Ortiz 0-0: Ball
1-0: Fielders Choice at 2nd, 6-4 (Groundball, 6, EV 93.8 MPH)
Bottom of the 7th over - 0 runs, 1 hit, 0 errors, 3 left on base; Joplin 3 - Palm Beach 2
TOP OF THE 8TH
Joplin Blasters batting - Pitching for Palm Beach Nationals : LHP Danny Juarez
Pitching: RHP Kareem Linz
Now in LF: Scott Merritt
Batting: SHB Adrian Orosco 0-0: Ball
1-0: Swinging Strike
1-1: Called Strike
1-2: Ball
2-2: Strikes out swinging, 2-3 out at first.
Batting: RHB Masakuni Takeuchi 0-0: SOLO HOME RUN (Flyball, 7LD, EV 97.5 MPH), Distance : 382 ft
Batting: RHB Nick Moore 0-0: Ball
1-0: Swinging Strike
1-1: Called Strike
1-2: Foul Ball, location: 2F
1-2: Strikes out swinging
Batting: LHB Jayden Pelayo 0-0: Ball
1-0: Ball
2-0: Called Strike
2-1: Ball
3-1: Base on Balls
Batting: SHB Gary Woodroffe 0-0: Foul Ball, location: 2F
0-1: Ball
1-1: SINGLE (Line Drive, 78S, EV 84.4 MPH)
Jayden Pelayo to second
Batting: SHB Glenn Harrison 0-0: Called Strike
0-1: Ball
1-1: Ball
2-1: Fly out, F7 (Flyball, 7D, EV 101.9 MPH)
Top of the 8th over - 1 run, 2 hits, 0 errors, 2 left on base; Joplin 4 - Palm Beach 2
BOTTOM OF THE 8TH
Palm Beach Nationals batting - Pitching for Joplin Blasters : LHP Adrian Sanchez
Batting: SHB John Husson 0-0: Ball
1-0: Ball
2-0: Called Strike
2-1: Swinging Strike
2-2: Ball
3-2: Strikes out swinging
Batting: RHB Trent Spivey 0-0: Ball
1-0: Ball
2-0: Ball
3-0: Base on Balls
Batting: RHB Colin Morris 0-0: Fielders Choice at 2nd, 2-4 (Groundball, 2L, EV 71.2 MPH)
Pitching: RHP Reginald Larnach
Batting: RHB Scott Merritt 0-0: Ball
1-0: Called Strike
1-1: Ball
2-1: Foul Ball, location: 2F
2-2: Strikes out looking
Bottom of the 8th over - 0 runs, 0 hits, 0 errors, 1 left on base; Joplin 4 - Palm Beach 2
TOP OF THE 9TH
Joplin Blasters batting - Pitching for Palm Beach Nationals : RHP Kareem Linz
Batting: RHB Bobby Leon 0-0: Swinging Strike
0-1: Called Strike
0-2: Foul Ball, location: 2F
0-2: Ball
1-2: Ball
2-2: Foul Ball, location: 2F
2-2: Strikes out swinging
Batting: RHB Shura Mogilny 0-0: Ball
1-0: Ball
2-0: Ground out 4-3 (Groundball, 4M, EV 88.1 MPH)
Batting: RHB David Rubio 0-0: SOLO HOME RUN (Flyball, 78XD, EV 110.0 MPH), Distance : 437 ft
Batting: SHB Adrian Orosco 0-0: SOLO HOME RUN (Flyball, 9D, EV 101.2 MPH), Distance : 380 ft
Batting: RHB Masakuni Takeuchi 0-0: Ball
1-0: Swinging Strike
1-1: Foul Ball, location: 2F
1-2: SOLO HOME RUN (Flyball, 8RXD, EV 107.5 MPH), Distance : 441 ft
Batting: RHB Nick Moore 0-0: Called Strike
0-1: Called Strike
0-2: Ball
1-2: Ball
2-2: SINGLE (Groundball, 4D, EV 105.0 MPH)
Batting: LHB Jayden Pelayo 0-0: Ball
1-0: Ball
2-0: Called Strike
2-1: Ball
3-1: Base on Balls
Nick Moore to second
Batting: SHB Gary Woodroffe 0-0: Foul Ball, location: 2F
0-1: Called Strike
0-2: Single, Error in OF, E7, batter to second base (Line Drive, 5D, EV 103.1 MPH)
Nick Moore scores
Jayden Pelayo to third
Batting: SHB Glenn Harrison 0-0: SINGLE (Groundball, 34D, EV 98.8 MPH) (infield hit)
Jayden Pelayo scores
Gary Woodroffe to third
Pinch Hitting: LHB Josh Lane 0-0: Called Strike
0-1: Fly out, F5 (Popup, 5SF, EV 66.9 MPH)
Top of the 9th over - 5 runs, 6 hits, 1 error, 2 left on base; Joplin 9 - Palm Beach 2
BOTTOM OF THE 9TH
Palm Beach Nationals batting - Pitching for Joplin Blasters : RHP Reginald Larnach
Now at SS: Josh Lane
Pinch Hitting: RHB Kiyonaga Nakamura 0-0: Ball
1-0: Foul Ball, location: 2F
1-1: Swinging Strike
1-2: Ball
2-2: Strikes out swinging
Pinch Hitting: LHB Mike Hamilton 0-0: Ball
1-0: Foul Ball, location: 2F
1-1: Called Strike
1-2: Ball
2-2: Strikes out swinging
Batting: RHB Aaron Bateman 0-0: Swinging Strike
0-1: Foul Ball, location: 2F
0-2: Foul Ball, location: 2F
0-2: Ball
1-2: Ball
2-2: Foul Ball, location: 9LSF, Error on foul ball, E9
2-2: Reached on error, E6 (Groundball, 6, EV 106.2 MPH)
Pinch Hitting: SHB Nelson Franco 0-0: Ball
1-0: Ground out U3 (Groundball, 3, EV 80.6 MPH)
Bottom of the 9th over - 0 runs, 0 hits, 2 errors, 1 left on base; Joplin 9 - Palm Beach 2
Thursday, December 15th , 2022 - OOTP Baseball 23.9 Build 102